 Dungeon Crawl Stone Soup version 0.29.1-2-gbd0b4ee654 (webtiles) character file.

Game seed: 15480035892640419548

1537 cdecastro the Thaumaturge (level 8, -6/41 HPs)
             Began as a Deep Elf Fire Elementalist on Nov 12, 2022.
             Was an Initiate of Vehumet.
             Succumbed to a hornet's poison
             ... on level 7 of the Dungeon.
             The game lasted 00:21:55 (7971 turns).

cdecastro the Thaumaturge (DEFE)                    Turns: 7971, Time: 00:21:56

Health: -6/41      AC:  5    Str:  5    XL:     8   Next: 56%
Magic:  12/24      EV: 12    Int: 23    God:    Vehumet [......]
Gold:   77         SH:  0    Dex: 15    Spells: 13/27 levels left

rFire   . . .      SeeInvis .   e - +3 dagger (vamp)
rCold   . . .      Faith    .   (no shield)
rNeg    . . .      Spirit   .   x - +1 robe {Archmagi}
rPois   .          Reflect  .   (no helmet)
rElec   .          Harm     .   (no cloak)
rCorr   .          Rampage  .   (no gloves)
Will    .....      Archmagi +   s - +1 pair of boots
Stlth   ++........              (no amulet)
HPRegen 0.13/turn               (no ring)
MPRegen 0.19/turn               (no ring)

@: lethally poisoned (-6 -> -48), very slightly contaminated, slowed, very slow
A: no striking features
a: Renounce Religion


You were on level 7 of the Dungeon.
You worshipped Vehumet.
Vehumet was noncommittal.
You visited 2 branches of the dungeon, and saw 8 of its levels.

You collected 346 gold pieces.
You spent 269 gold pieces at shops.

Inventory:

Hand Weapons
 e - a +3 vampiric dagger (weapon)
Missiles
 g - 55 stones
 k - 6 boomerangs
 v - 2 poisoned darts
 y - 6 javelins
Armour
 i - a scarf of harm
 s - a +1 pair of boots (worn)
 x - a +1 robe of the Archmagi (worn)
Jewellery
 l - a ring of positive energy
Wands
 a - a wand of flame (27)
 u - a wand of roots (2)
Scrolls
 d - 2 scrolls of torment
 h - 5 scrolls of teleportation
 m - a scroll of blinking
 o - a scroll of magic mapping
 t - a scroll of amnesia
 w - 2 scrolls of enchant armour
Potions
 b - a potion of ambrosia
 c - 3 potions of mutation {unknown}
 f - 2 potions of heal wounds
 j - a potion of attraction {unknown}
 n - a potion of flight {unknown}
 p - 2 potions of curing {unknown}
 q - 4 potions of lignification {unknown}
 r - 3 potions of haste {unknown}
 z - a potion of might
 A - a potion of magic
 B - 2 potions of brilliance {unknown}
 D - a potion of berserk rage


   Skills:
 - Level 2.4 Dodging
 - Level 2.4 Stealth
 - Level 10.0 Spellcasting
 + Level 5.5 Conjurations
 - Level 7.4 Fire Magic


You had 13 spell levels left.
You knew the following spells:

 Your Spells              Type           Power      Damage    Failure   Level
a - Foxfire               Conj/Fire      100%       2x1d9     1%          1
b - Scorch                Fire           100%       2d10      1%          2
c - Conjure Flame         Conj/Fire      58%        6-21      1%          3
d - Flame Wave            Conj/Fire      58%        2d14      3%          4
e - Sticky Flame          Conj/Fire      58%        2d7       3%          4

Your spell library contained the following spells:

 Spells                   Type           Power      Damage    Failure   Level
 Static Discharge         Conj/Air       36%        3-8/arc   2%          2
 Inner Flame              Hex/Fire       43%        N/A       3%          3
 Blink                    Tloc           34%        N/A       9%          2
 Frozen Ramparts          Ice            34%        1d6       17%         3
 Dispel Undead            Necr           17%        3d10      50%         4
 Ice Form                 Ice/Tmut       17%        N/A       50%         4
 Summon Ice Beast         Ice/Summ       17%        N/A       50%         4
 Manifold Assault         Tloc           17%        N/A       83%         5
 Storm Form               Tmut/Air       8%         N/A       100%        7


Dungeon Overview and Level Annotations

Branches:
Dungeon (7/15)             Temple (1/1) D:4

Altars:
Ashenzari
Dithmenos
Elyvilon
Fedhas
Gozag
Hepliaklqana
Kikubaaqudgha
Makhleb
Nemelex Xobeh
Okawaru
Qazlal
Ru
Sif Muna
Trog
Uskayaw
Vehumet
Wu Jian
Xom
Yredelemnul
Zin
The Shining One

Shops:
D:2 [   D:6 (

Annotations:
D:3 1 runed translucent door, Crazy Yiuf


Message History

Unknown command.
Press: ? - help, v - describe, . - travel
Here: a hornet (moderately wounded, more vulnerable to fire)
The floor.
Unknown command.
Unknown command.
Okay, then.
Unknown command.
Casting: Sticky Flame (dangerous; 3% risk of failure)
Confirm with . or Enter, or press ? or * to list all spells.
Aiming: Sticky Flame (dangerous; 3% risk of failure)
Press: ? - help, Shift-Dir - straight line, f/p - hornet
Aim: a hornet (moderately wounded, more vulnerable to fire, 100% to hit)
You feel a surge of power!
You miscast Sticky Flame.
Nothing appears to happen.
You feel very sick. The hornet stings you.
* * * LOW HITPOINT WARNING * * *
You feel as though you will be slow longer.
The hornet stings you.
* * * LOW HITPOINT WARNING * * *
You are more poisoned.
You feel as though you will be slow longer.
Unknown command.
You feel much better.
You feel extremely sick. The hornet stings you!
* * * LOW HITPOINT WARNING * * *
You are lethally poisoned!
You feel as though you will be slow longer.
The howler monkey hoots and howls with incredible vigour!
The hornet stings you!
* * * LOW HITPOINT WARNING * * *
You are more poisoned.
You feel as though you will be slow longer.
The howler monkey misses you.
You hear a shout!
Blink to where?
Press: ? - help, Dir - move target, p - hornet
As you read the scroll of blinking, it crumbles to dust.
You die...

######.##### #.#
### #.....# #.#...
#####.# #.#.## #.#
#....# #.# #<...#
#.#######...#######
#...........#......
#..######...#.#####
#.....#.@# .....
... #.....#..#
.....# #.
#.....#..# .....#
#. #.....#..#
.....# #.
#...$.#..# #.
#.....#..# #.#.
#.....#..# #.#.
+...hh§..# # #.#.
#....y##.# #. #.#.


There were no monsters in sight!

Vanquished Creatures
  Eustachio (D:6)
  A water moccasin (D:6)
  An ogre (D:4)
  2 ice beasts
  A phantom (D:6)
  4 scorpions
  A hound (D:4)
  4 orc priests
  A gnoll bouda (D:6)
  2 jellies
  5 iguanas
  3 orc wizards
  8 gnolls (D:6)
  6 adders
  4 dart slugs
  2 worms
  25 orcs
  2 bats
  7 endoplasms
  5 giant cockroaches
  5 goblins
  16 hobgoblins
  7 jackals
  5 kobolds
  3 quokkas
  4 ball pythons
  2 frilled lizards
  6 rats
133 creatures vanquished.

Vanquished Creatures (others)
  274 foxfires
274 creatures vanquished.

Grand Total: 407 creatures vanquished

Notes
Turn   | Place    | Note
-------+----------+-------------------------------------------
     0 | D:1      | cdecastro the Deep Elf Fire Elementalist began the quest
                  | for the Orb.
     0 | D:1      | Reached XP level 1. HP: 10/10 MP: 6/6
   107 | D:1      | Reached XP level 2. HP: 15/15 MP: 6/8
   505 | D:1      | Found a faded altar of an unknown god.
   612 | D:1      | Reached XP level 3. HP: 19/19 MP: 5/9
  1008 | D:2      | Reached skill level 5 in Fire Magic
  1430 | D:2      | Learned a level 2 spell: Scorch
  1434 | D:2      | Learned a level 3 spell: Conjure Flame
  1443 | D:2      | Reached XP level 4. HP: 24/24 MP: 5/10
  1622 | D:2      | Found Sabixyja's Antique Armour Shoppe.
  2925 | D:3      | Reached XP level 5. HP: 28/28 MP: 8/11
  3050 | D:3      | Found a runed translucent door.
  3051 | D:3      | Noticed Crazy Yiuf
  3247 | D:3      | HP: 1/28 [orc/+0 hand axe (7)]
  3948 | D:4      | Reached XP level 6. HP: 32/32 MP: 6/12
  4090 | D:4      | Found a hide-covered altar of Uskayaw.
  4280 | D:4      | Found a staircase to the Ecumenical Temple.
  4322 | D:4      | Reached skill level 4 in Spellcasting
  4492 | D:4      | Reached skill level 5 in Spellcasting
  4492 | D:4      | Reached XP level 7. HP: 36/36 MP: 10/16
  4497 | D:4      | Learned a level 4 spell: Flame Wave
  4502 | D:4      | Learned a level 4 spell: Sticky Flame
  4593 | D:4      | Reached skill level 6 in Spellcasting
  4968 | D:5      | Entered Level 5 of the Dungeon
  4986 | D:5      | Found a shimmering altar of Xom.
  4986 | D:5      | Found an ancient bone altar of Kikubaaqudgha.
  4987 | D:5      | Found a broken altar of Ashenzari.
  5125 | D:5      | Reached skill level 7 in Spellcasting
  5438 | D:5      | Reached skill level 8 in Spellcasting
  5781 | Temple   | Entered the Ecumenical Temple
  5781 | Temple   | Found a transporter.
  5781 | Temple   | Found a transporter.
  5783 | Temple   | Found a transporter.
  5783 | Temple   | Found a transporter.
  5805 | Temple   | Became a worshipper of Vehumet
  5944 | D:6      | Noticed Eustachio
  5947 | D:6      | Killed Eustachio
  5948 | D:6      | Reached skill level 9 in Spellcasting
  5948 | D:6      | Reached XP level 8. HP: 41/41 MP: 14/23
  6179 | D:6      | Reached skill level 10 in Spellcasting
  6659 | D:6      | Reached skill level 5 in Conjurations
  7175 | D:6      | Found Hilom's Antique Weapon Shoppe.
  7497 | D:2      | Bought a runed scarf for 184 gold pieces
  7497 | D:2      | Bought an embroidered robe for 85 gold pieces
  7964 | D:7      | Noticed a hornet
  7971 | D:7      | Succumbed to a hornet's poison

Illustrated notes

Levels and vault maps discovered:
D:1:      erik_arrival_blinker_ship, layout_rooms,
          shapermc_ecumenical_altar_mp_urbaneastern
D:2:      layout_loops_corners, serial_shops, shop
D:3:      layout_loops_corners, minmay_increasing_density,
          uniq_crazy_yiuf_cottage
D:4:      layout_basic, eat_drink_and_be_merry_uskayaw,
          minmay_temple_entry_from_below_a, minmay_strange_pillars,
          minmay_surrounded
D:5:      layout_loops_ring, chequers_temple_overflow_statue_of_worship
D:6:      layout_loops_ring, dk_noncrumbling_2, nicolae_stop_n_shop_2,
          uniq_eustachio
D:7:      layout_basic
Temple:   hellmonk_temple_divided_pantheon

Skill      XL: |  1  2  3  4  5  6  7  8 |
---------------+-------------------------+-----
Fire Magic     | 4 5 6 7 |  7.4
Conjurations   | 3 5 |  5.5
Spellcasting   | 5 9 10 | 10.0
Dodging        | |  2.4
Stealth        | |  2.4

Action                   |  1- 3 |  4- 6 |  7- 9 || total
-------------------------+-------+-------+-------++-------
Melee: Dagger            |       |     7 |       ||     7
 Cast: Foxfire           |    52 |    58 |    45 ||   155
       Scorch            |     2 |    31 |    39 ||    72
       Conjure Flame     |       |     1 |     9 ||    10
       Sticky Flame      |       |       |     2 ||     2
  Use: Scroll            |       |     4 |    11 ||    15
       Potion            |       |     1 |     1 ||     2
Armor: Robe              |     1 |     7 |     1 ||     9
Dodge: Dodged            |     8 |    12 |     7 ||    27
